 Dungeon Crawl Stone Soup version 0.17.1-3-g152610e (webtiles) character file.

88 Charly the Grave Robber (level 4, -2/32 (33) HPs)
             Began as a Draconian Necromancer on Apr 29, 2016.
             Slain by an orc warrior
             ... wielding a +0 battleaxe
              (16 damage)
             ... on level 5 of the Dungeon.
             The game lasted 00:12:29 (838 turns).

Charly the Grave Robber (Draconian Necromancer)      Turns: 838, Time: 00:12:29

HP:   -2/32 (33)    AC:  5    Str: 11    XL:     4   Next: 30%
MP:   6/7           EV: 12    Int: 14    God:
Gold: 94            SH:  0    Dex: 11    Spells: 3 memorised, 2 levels left

rFire  . . .     SeeInvis .       - Unarmed
rCold  . . .     Clarity  .     (armour unavailable)
rNeg   . . .     SustAt   .     (no shield)
rPois  .         Gourm    .     i - +0 hat
rElec  .         Spirit   .     (no cloak)
rCorr  .         Warding  .     (no gloves)
rMut   .         Stasis   .     (no boots)
MR     .....                    (no amulet)
Stlth  ++........               (no ring)
                                (no ring)

@: flying (expiring), non-regenerating, diseased, not resistant to hostile
enchantments, unstealthy
A: unfitting armour, antennae 1, blurry vision 1, dopey 1, cold-blooded, AC +5
a: no special abilities


You were on level 5 of the Dungeon.
You were not hungry.

You visited 1 branch of the dungeon, and saw 6 of its levels.

You collected 94 gold pieces.

Inventory:

Armour
 i - a +0 hat (worn)
Scrolls
 e - 2 scrolls of identify
Books
 a - a book of Necromancy

   Spells                             Type                      Level
   a - Pain                           Necromancy                   1
   b - Animate Skeleton               Necromancy                   1
   c - Vampiric Draining              Necromancy                   3
   d - Regeneration                   Charms/Necromancy            3
   e - Animate Dead                   Necromancy                   4
   f - Control Undead                 Necromancy                   4
Comestibles
 b - 2 bread rations
 f - a meat ration


   Skills:
 - Level 1.7 Dodging
 - Level 1.7 Stealth
 + Level 4.0 Unarmed Combat
 - Level 2.0 Spellcasting
 - Level 4.0 Necromancy


You had 2 spell levels left.
You knew the following spells:

 Your Spells              Type           Power        Failure   Level  Hunger
a - Animate Skeleton      Necr           N/A          4%          1    ##.....
p - Pain                  Necr           ##..         4%          1    ##.....
r - Regeneration          Chrm/Necr      #.........   30%         3    ####...


Dungeon Overview and Level Annotations

Branches:
Dungeon (6/15)
 Temple: D:4-7

Altars:
Okawaru
Sif Muna

Annotations:
D:4 Eustachio


Innate Abilities, Weirdness & Mutations

Your plain brown scales are hard (AC +5).
Your body does not fit into most forms of armour.
You are cold-blooded and may be slowed by cold attacks.
You have a pair of small antennae on your head.
Scrolls take you a little longer to read.
You are dopey. (Int -2)


Message History

Pain shoots through your body!
There is an open door here.
The orc priest mumbles some strange prayers to Beogh against you.
Something smites you!
There is an open door here.
The orc priest miscasts a cantrip.
You are starting to lose your buoyancy.
There is a stone staircase leading up here.
Drop what? 5/52 slots (_ for help) (? for menu, Esc to quit)
Okay, then.
The orc warrior's inner flame fades away.
Casting: Regeneration
Confirm with . or Enter, or press ? or * to list all spells.
Aiming: Pain
Press: ? - help, Shift-Dir - straight line, f - orc warrior
Aim: an orc warrior, wielding a battleaxe and wearing a chain mail (chance to defeat MR: 68%)
The orc warrior struggles to resist.
The orc warrior hits you with a battleaxe!
Ouch! That really hurt!
You die...

############### ...............
######)#######
#########.........
#.......#..####### #####
#@#####.#..# #...#
#o#...#.#..####### #...#
#.#.#.#.#......... # #...#
#..<..#.##<#######
.######..o#########....##.#
5'....'...o.o...{.{....##†#####
.######...#.......#....†......#
. #...#...................# )
#####...................#


You could see an orc warrior.

Vanquished Creatures
  Natasha (D:3)
  3 adders
  A giant gecko (D:4)
  An orc (D:4)
  5 bats
  3 giant cockroaches
  2 goblins
  A hobgoblin (D:1)
  6 jackals
  2 giant newts
  A jackal skeleton (D:4)
  2 kobolds (D:1)
  3 quokkas
  A quokka skeleton (D:5)
  3 rats
35 creatures vanquished.

Notes
Turn   | Place    | Note
--------------------------------------------------------------
     0 | D:1      | Charly the Draconian Necromancer began the quest for the Orb.
     0 | D:1      | Reached XP level 1. HP: 14/14 MP: 3/3
    50 | D:1      | Reached skill level 1 in Unarmed Combat
   107 | D:1      | Reached XP level 2. HP: 12/20 MP: 0/5
   244 | D:3      | Noticed Natasha
   271 | D:2      | Found a deep blue altar of Sif Muna.
   354 | D:3      | HP: 1/20 [quokka (1)]
   365 | D:3      | HP: 1/20 [quokka (1)]
   377 | D:3      | Gained mutation: Scrolls take you a little longer to read. [potion of mutation]
   377 | D:3      | Gained mutation: You are dopey. (Int -2) [potion of mutation]
   377 | D:3      | Gained mutation: You have a pair of small antennae on your head. [potion of mutation]
   381 | D:3      | Killed Natasha
   381 | D:3      | Reached XP level 3. HP: 2/26 MP: 6/6
   387 | D:3      | HP: 1/26 [bat (1)]
   423 | D:3      | Learned a level 3 spell: Regeneration
   563 | D:4      | Found an iron altar of Okawaru.
   581 | D:4      | Noticed Eustachio
   591 | D:5      | Entered Level 5 of the Dungeon
   641 | D:4      | Learned a level 1 spell: Animate Skeleton
   656 | D:4      | Reached XP level 4. HP: 10/33 MP: 0/7
   678 | D:4      | Noticed Menkaure
   807 | D:5      | Noticed an orc warrior
   838 | D:5      | Slain by an orc warrior

Action                   |  1- 3 |  4- 6 || total
-------------------------+-------+-------++-------
Melee: Unarmed           |    78 |    19 ||    97
 Cast: Pain              |    37 |     4 ||    41
       Regeneration      |     4 |     2 ||     6
  Use: Potion            |     6 |     2 ||     8
       Scroll            |     4 |     1 ||     5
  Eat: Fruit             |     3 |       ||     3
